 Dungeon Crawl Stone Soup version 0.19.0-2-gae57169 (webtiles) character file.

117598 Chiseanne the Thaumaturge (level 16, -5/104 HPs)
             Began as a High Elf Artificer on Nov 5, 2016.
             Was an Initiate of Gozag.
             Killed from afar by a shock serpent (7 damage)
             ... with an electric aura
             ... on level 3 of the Snake Pit on Nov 6, 2016.
             The game lasted 04:02:18 (45995 turns).

Chiseanne the Thaumaturge (High Elf Artificer)     Turns: 45995, Time: 04:02:18

Health: -5/104     AC:  9    Str: 13    XL:     16   Next: 23%
Magic:  4/45       EV: 26    Int: 48    God:    Gozag
Gold:   1963       SH:  8    Dex: 33    Spells: 10 memorised, 7 levels left

rFire  + . .     SeeInvis +     a - +4 morningstar "Falashres" {holy, -Tele rN+ Int+4}
rCold  + . .     Gourm    .     D - +1 robe "Buyluret" {+Inv MR+ Str-4 Int+5}
rNeg   + + .     Faith    .     G - +0 buckler of Fegh {MR- Int+6 Dex+3}
rPois  +         Spirit   .     q - +3 hat of Pondering {ponderous, MR+ MP+10 Int+5}
rElec  .         Reflect  .     r - +1 cloak
rCorr  .         Harm     .     k - +0 pair of gloves
MR     ++...     NoTele   +     (no boots)
Stlth  ++++......               Q - amulet "Xuhuw" {Regen+ Str+4 Dex+7}
                                e - ring of Vaxkaujyx {rC+ Int+4 SInv Stlth+}
                                E - ring "Yxta" {rPois rF+ rN+ Int+4 Dex+4}

@: lethally poisoned (-5 -> -6), very slightly contaminated, hasted, very quick
A: agile 1
a: Potion Petition, Call Merchant, Bribe Branch, Renounce Religion, Evoke
Invisibility


You were on level 3 of the Snake Pit.
You worshipped Gozag.
Gozag was most pleased with you.
You were not hungry.

You visited 4 branches of the dungeon, and saw 25 of its levels.

You collected 11751 gold pieces.
You spent 6091 gold pieces at shops.
You paid 3697 gold pieces to Gozag.

Inventory:

Hand Weapons
 a - the +4 morningstar "Falashres" (weapon) {holy, -Tele rN+ Int+4}
   (You bought it in a shop on level 2 of the Orcish Mines)

   It has been blessed by the Shining One to cause great damage to the undead
   and demons.
   It affects your intelligence (+4).
   It protects you from negative energy.
   It prevents most forms of teleportation.
 s - the +6 war axe of Change {chop, rC++ MR+ Int-4}
   (You found it on level 4 of the Lair of Beasts)

   It inflicts extra damage upon your enemies.
   It affects your intelligence (-4).
   It greatly protects you from cold.
   It affects your resistance to hostile enchantments.
 w - a +0 blowgun
Missiles
 F - 11 curare-tipped needles
 J - 54 poisoned needles
 K - 2 poisoned tomahawks (quivered)
 R - 8 needles of paralysis
 U - 7 needles of confusion
Armour
 k - a +0 pair of gloves (worn)
 q - the +3 hat of Pondering (worn) {ponderous, MR+ MP+10 Int+5}
   (You took it off Gastronok on level 3 of the Lair of Beasts)

   It affects your intelligence (+5).
   It affects your resistance to hostile enchantments.
   It affects your magic capacity (+10).
 r - a +1 cloak (worn)
 y - the +3 hat of the Queen {rPois rF+ rC- rN+}
   (You bought it in a shop on level 7 of the Dungeon)

   It protects you from fire.
   It makes you vulnerable to cold.
   It protects you from poison.
   It protects you from negative energy.
 D - the +1 robe "Buyluret" (worn) {+Inv MR+ Str-4 Int+5}
   (You bought it in a shop on level 7 of the Dungeon)

   It affects your strength (-4).
   It affects your intelligence (+5).
   It affects your resistance to hostile enchantments.
   It lets you turn invisible.
 G - the +0 buckler of Fegh (worn) {MR- Int+6 Dex+3}
   (You bought it in a shop on level 7 of the Dungeon)

   It affects your intelligence (+6).
   It affects your dexterity (+3).
   It affects your resistance to hostile enchantments.
 O - the +1 shield "Vosyib" {Donald, rPois rN+ MP+9}
   (You took it off Donald on level 1 of the Snake Pit)

   It protects you from poison.
   It protects you from negative energy.
   It affects your magic capacity (+9).
Magical Staves
 d - an uncursed staff of power
Rods
 o - a +4 rod of clouds (12/12)
   (You bought it in a shop on level 10 of the Dungeon)
Jewellery
 e - the ring of Vaxkaujyx (right hand) {rC+ Int+4 SInv Stlth+}
   (You bought it in a shop on level 15 of the Dungeon)

   [ring of protection from cold]

   It affects your intelligence (+4).
   It protects you from cold.
   It lets you see invisible.
   It makes you more stealthy.
 E - the ring "Yxta" (left hand) {rPois rF+ rN+ Int+4 Dex+4}
   (You bought it in a shop on level 15 of the Dungeon)

   [ring of protection from fire]

   It affects your intelligence (+4).
   It affects your dexterity (+4).
   It protects you from fire.
   It protects you from poison.
   It protects you from negative energy.
 Q - the amulet "Xuhuw" (around neck) {Regen+ Str+4 Dex+7}
   (You took it off a centaur on level 11 of the Dungeon)

   [amulet of regeneration]

   It affects your strength (+4).
   It affects your dexterity (+7).
   It increases your rate of regeneration.
Wands
 j - a wand of enslavement (12/24)
 L - a wand of hasting (1/9)
 M - a wand of hasting (1/9)
Scrolls
 h - a scroll of magic mapping
 i - 7 scrolls of remove curse
 l - 6 scrolls of fog
 p - 2 scrolls of recharging
 B - 2 scrolls of identify
 I - a scroll of teleportation
Potions
 b - a potion of magic
 c - 3 potions of brilliance
 f - a potion of cure mutation
 m - 2 potions of heal wounds
 t - 2 potions of berserk rage
 u - 2 potions of resistance
 x - 3 potions of flight
 z - 3 potions of haste
 A - 5 potions of ambrosia
 C - a potion of agility
 H - a potion of lignification
 S - 3 potions of curing
 T - 2 potions of mutation
Books
 N - a book of Power

   Spells                             Type                      Level
   a - Fulminant Prism                Conjuration/Hexes            4
   b - Iskenderun's Mystic Blast      Conjuration                  4
   c - Venom Bolt                     Conjuration/Poison           5
   d - Bolt of Magma                  Conjuration/Fire/Earth       5
   e - Iron Shot                      Conjuration/Earth            6
   f - Orb of Destruction             Conjuration                  7
   g - Spellforged Servitor           Conjuration/Summoning        7
Miscellaneous
 P - a lamp of fire (inert)
 Y - a disc of storms
Comestibles
 v - 4 bread rations
 V - 6 meat rations


   Skills:
 - Level 7.9 Fighting
   Level 1.2 Short Blades
 - Level 5.4(5.9) Axes
   Level 3.3(4.8) Polearms
 - Level 4.4 Armour
 - Level 11.0 Dodging
 - Level 1.1 Stealth
 - Level 7.2 Shields
 - Level 3.8 Unarmed Combat
 * Level 14.0 Spellcasting
 * Level 9.9 Conjurations
 - Level 9.4 Hexes
 - Level 10.6 Transmutations
 - Level 12.1 Evocations


You had 7 spell levels left.
You knew the following spells:

 Your Spells              Type           Power        Failure   Level  Hunger
a - Venom Bolt            Conj/Pois      ######....   2%          5    None
b - Bolt of Magma         Conj/Fire/Erth ######....   6%          5    None
c - Confuse               Hex            #######.     1%          3    None
d - Summon Lightning Spi  Summ/Air       ####....     8%          4    None
e - Dazzling Spray        Conj/Hex       ######       1%          3    None
f - Spider Form           Tmut/Pois      ######....   1%          3    None
g - Blade Hands           Tmut           #######...   1%          5    None
h - Inner Flame           Hex/Fire       ######..     1%          3    None
i - Cause Fear            Hex            #######...   1%          4    None
j - Apportation           Tloc           ####......   1%          1    None


Dungeon Overview and Level Annotations

Branches:
Dungeon (15/15)              Lair (6/6) D:11         Shoals (0/4) Lair:2
  Snake (3/4) Lair:2        Slime (0/5) Lair:5          Orc (2/2) D:10
    Elf (0/3) Orc:2        Vaults (0/5) D:13         Depths (0/5) D:15
 Temple: D:4-7

Altars:
Cheibriados
Elyvilon
Gozag
Kikubaaqudgha
Nemelex Xobeh
Trog
The Shining One
Beogh
Jiyva

Shops:
D:7 [   D:8 :   D:10 }   D:11 (   D:15 =   Orc:2 ([

Annotations:
D:11 2 runed doors
Orc:1 Azrael


Innate Abilities, Weirdness & Mutations

You are agile. (Dex +2)


Message History

You feel sick.
The shock serpent is engulfed in roaring flames.
The shock serpent shoots out a bolt of lightning at you!
The bolt of electricity hits you!
* * * LOW HITPOINT WARNING * * *
The shock serpent's electric aura discharges, shocking you!
* * * LOW HITPOINT WARNING * * *
The mana viper is engulfed in roaring flames.
The black mamba is engulfed in roaring flames.
A black mamba comes into view.
As you read the scroll of fear, it crumbles to dust.
You assume a fearsome visage.
The black mamba looks frightened!
The black mamba hisses angrily.
The naga ritualist looks frightened!
The black mamba looks frightened!
The mana viper looks frightened!
The shock serpent looks frightened!
The black mamba moves out of view.
The shock serpent is engulfed in roaring flames.
The shock serpent's electric aura discharges, shocking you!
You die...
Your body crumbles into a pile of gold.

..........# ##..##... ...>.##...#
#####...
...).##...###################....
....<##...##..........§..........
.....##...##.........§.§.........
.....##...##........§.N.....#####
###+###.........##.§..##....#####
#.........##S§§§##.)......#
#.........@§S....+........#
#.........##S...##........#
#.<.##....##....##........#
#...###################...# #....
.... #... .... ..


You could see a naga ritualist (fleeing), a shock serpent (fleeing), a mana
viper (fleeing) and a black mamba (fleeing).

Vanquished Creatures
  Kirke (Lair:2)
  Donald (Snake:1)
  A nagaraja (Snake:2)
  An orc warlord (Orc:2)
  A fire dragon (Lair:6)
  Josephine (Snake:1)
  3 vault guards (D:13)
  5 anacondas
  4 naga warriors
  2 centaur warriors
  4 hydras
  A queen ant (Lair:2)
  3 shock serpents
  A salamander mystic (Snake:1)
  2 hill giants
  2 unseen horrors
  A naga ritualist (Snake:1)
  An orc knight (Orc:2)
  8 mana vipers
  2 orc sorcerers
  2 lindwurms (Lair:6)
  14 ugly things
  2 manticores (D:14)
  3 salamanders
  3 cyclopes
  4 elephants
  A guardian serpent (Snake:1)
  13 naga magi
  21 black mambas
  A centaur zombie (D:11)
  A kobold demonologist (D:14)
  8 spiny frogs
  A gargoyle (D:11)
  2 centaur skeletons
  6 torpor snails
  2 rime drakes (Lair:3)
  10 komodo dragons
  3 tyrant leeches (Lair:6)
  9 trolls
  2 polar bears
  7 hornets
  Grinder (D:3)
  A meliai zombie (D:15)
  5 dancing weapons
  8 hippogriffs
  11 blink frogs
  A vampire (D:13)
  7 wraiths
  4 wyverns
  5 ice beasts
  2 fire elementals (Orc:2)
  50 yaks
  2 basilisks
  5 hogs (Lair:2)
  4 vampire mosquitoes
  3 hungry ghosts
  18 nagas
  A soldier ant (Lair:2)
  2 mottled dragons (D:14)
  11 water moccasins
  2 wargs
  13 porcupines
  2 hell hounds (Orc:2)
  20 orc warriors
  4 phantoms
  An eye of draining (D:12)
  5 sky beasts
  A necrophage (D:10)
  3 ogres
  2 black bears
  9 wolves
  11 centaurs
  14 crocodiles
  5 big kobolds
  21 bullfrogs
  A wyvern zombie (D:8)
  6 scorpions
  2 howler monkeys
  12 killer bees
  6 wights
  2 electric eels
  2 crimson imps
  A bullfrog zombie (D:11)
  10 orc wizards
  3 bullfrog skeletons
  4 jellies
  Crazy Yiuf (D:2)
  15 orc priests
  5 hounds
  6 iguanas
  Natasha (thrice) (D:4)
  12 worker ants
  A mummy (D:8)
  4 gnolls
  10 adders
  3 river rats (D:11)
  2 shadow imps
  12 white imps (D:12)
  2 oozes
  An adder skeleton (D:7)
  4 worms
  3 dart slugs (D:1)
  5 leopard geckos
  76 orcs
  6 giant cockroaches
  12 goblins
  7 hobgoblins
  9 jackals
  22 kobolds
  6 quokkas
  A ball python (D:2)
  14 bats
  5 frilled lizards
  A jackal skeleton (D:7)
  A leopard gecko zombie (D:8)
  A quokka skeleton (D:7)
  17 rats
  8 fungi
  6 plants
744 creatures vanquished.

Vanquished Creatures (collateral kills)
  Gastronok (Lair:3)
  A nagaraja (Snake:2)
  An orc warlord (Orc:2)
  2 stone giants (Orc:2)
  A fire dragon (D:11)
  3 hydras
  5 vault guards
  A death knight (D:15)
  2 anacondas (Snake:2)
  An ogre mage (D:15)
  3 naga sharpshooters (Snake:1)
  4 skeletal warriors (D:15)
  A naga ritualist (Snake:2)
  8 hill giants
  A necromancer (D:15)
  An orc knight (Orc:1)
  A wolf spider zombie (D:15)
  2 deep elf magi
  5 ugly things
  4 orc sorcerers
  A salamander (Snake:1)
  A cyclops (D:15)
  A torpor snail (Lair:6)
  7 black mambas
  2 naga magi
  7 elephants
  2 spiny frogs
  A centaur skeleton (D:15)
  2 rime drakes (Lair:6)
  A kobold demonologist (D:12)
  4 komodo dragons
  3 yaktaurs (D:15)
  2 hornets (Lair:6)
  2 trolls
  6 two-headed ogres
  A snapping turtle (Lair:2)
  4 blink frogs (Lair:3)
  A hippogriff (Lair:4)
  A centaur simulacrum (D:15)
  A wraith (D:13)
  A wyvern (D:11)
  8 yaks
  A vampire mosquito (D:14)
  A hungry ghost (D:15)
  5 nagas
  4 soldier ants (Lair:2)
  2 water moccasins
  A porcupine (Lair:2)
  A meliai simulacrum (D:15)
  An eye of draining (D:13)
  24 orc warriors
  10 ogres
  7 wolves
  5 crocodiles
  6 centaurs
  A bullfrog (D:13)
  Dowan (D:4)
  7 wights
  8 killer bees
  An electric eel (Lair:2)
  A quasit (D:7)
  12 orc priests
  15 orc wizards
  5 worker ants
  Robin (D:3)
  3 gnolls
  A shadow imp (D:15)
  49 orcs
  A goblin (D:3)
  5 kobolds
  A plant (Lair:6)
287 creatures vanquished.

Vanquished Creatures (others)
  A naga mage (Snake:1)
  An ugly thing (D:14)
  17 dancing weapons
  Duvessa (D:4)
  2 humans (Snake:1)
  Grum (D:8)
  A warg (Orc:2)
  2 centaurs
  A big kobold (D:9)
  A wight (D:8)
  A hound (D:13)
  An orc wizard (Orc:2)
  A gnoll (D:2)
  2 goblins (D:3)
  A kobold (D:3)
  7 fungi
  31 plants
72 creatures vanquished.

Grand Total: 1103 creatures vanquished

Notes
Turn   | Place    | Note
-------+----------+-------------------------------------------
     0 | D:1      | Chiseanne the High Elf Artificer began the quest for the Orb.
     0 | D:1      | Reached XP level 1. HP: 13/13 MP: 4/4
   268 | D:1      | Reached XP level 2. HP: 14/18 MP: 5/5
  1110 | D:2      | Reached XP level 3. HP: 19/24 MP: 6/6
  1195 | D:2      | Found an opulent altar of Gozag.
  1195 | D:2      | Found a white marble altar of Elyvilon.
  1205 | D:2      | Became a worshipper of Gozag Ym Sagoz the Greedy
  1943 | D:2      | Reached XP level 4. HP: 30/30 MP: 7/7
  1961 | D:2      | Found a runed door.
  1979 | D:2      | Noticed Crazy Yiuf
  1987 | D:2      | Killed Crazy Yiuf
  2230 | D:3      | Noticed Robin
  2242 | D:3      | Killed Robin
  2553 | D:3      | Learned a level 1 spell: Apportation
  2720 | D:3      | Reached XP level 5. HP: 36/36 MP: 8/8
  2951 | D:3      | Noticed Grinder
  2985 | D:3      | Paralysed by Grinder for 2 turns
  2999 | D:3      | Killed Grinder
  2999 | D:3      | Reached skill level 1 in Armour
  2999 | D:3      | Reached XP level 6. HP: 24/43 MP: 8/10
  3864 | D:4      | Noticed Natasha
  3868 | D:4      | Killed Natasha
  4222 | D:4      | Noticed Natasha
  4224 | D:4      | Killed Natasha
  4392 | D:4      | Noticed Natasha
  4395 | D:4      | Killed Natasha
  4486 | D:4      | Reached XP level 7. HP: 35/48 MP: 11/11
  4566 | D:4      | Noticed Dowan
  4572 | D:4      | Noticed Duvessa
  4578 | D:4      | Killed Dowan
  4578 | D:4      | Reached skill level 5 in Evocations
  4954 | D:4      | Found a sparkling altar of Nemelex Xobeh.
  4962 | D:4      | Your ally died
  4962 | D:4      | Reached skill level 5 in Dodging
  5240 | D:5      | Entered Level 5 of the Dungeon
  5401 | D:5      | Reached skill level 5 in Fighting
  5591 | D:5      | Reached XP level 8. HP: 53/55 MP: 13/13
  5618 | D:5      | You fall through a shaft for 2 floors!
  5944 | D:7      | Noticed Prince Ribbit
  5955 | D:7      | Noticed Prince Ribbit
  5955 | D:7      | Prince Ribbit changed into Prince Ribbit the ice beast
  5977 | D:7      | Bought a shimmering hat for 243 gold pieces
  5977 | D:7      | UristPineapples: Вах.
  5977 | D:7      | Chiseanne: what?
  5977 | D:7      | UristPineapples: Бронька
  5987 | D:7      | Identified the +3 hat of the Queen {rPois rF+ rC- rN+} (You bought it in a shop on level 7 of the Dungeon)
  5987 | D:7      | Chiseanne: I am not russian
  6002 | D:7      | UristPineapples: Nice armour.
  6002 | D:7      | UristPineapples: And so early in game.
  6002 | D:7      | Chiseanne: wich one?
  6007 | D:7      | UristPineapples: PDA
  6014 | D:7      | Chiseanne: ah ok
  6014 | D:7      | Chiseanne: yeah..hmm was more hoping for something more..well artificial ;-)
  6049 | D:7      | Killed Prince Ribbit the ice beast
  6052 | D:7      | UristPineapples: Contam --rc -slay regen +m?
  6052 | D:7      | Chiseanne: artifact armour..but its ok
  6052 | D:7      | Chiseanne: haha yes something like that
  6329 | D:7      | Chiseanne: did you win any already?
  6386 | D:7      | UristPineapples: Well...
  6410 | D:7      | UristPineapples: Only twice.
  6413 | D:7      | Chiseanne: "only" ...
  6677 | D:7      | Found an ancient bone altar of Kikubaaqudgha.
  6932 | D:7      | Bought a creamy pearl robe for 153 gold pieces
  6943 | D:7      | Identified the cursed +1 robe "Buyluret" {+Inv MR+ Str-4 Int+5} (You bought it in a shop on level 7 of the Dungeon)
  6943 | D:7      | UristPineapples: Why don't you butcher the corpses?
  6943 | D:7      | Chiseanne: Gozak
  6943 | D:7      | UristPineapples: Ah, my eye-AIDS
  6943 | D:7      | Chiseanne: ;-)
  6962 | D:8      | Found a snail-covered altar of Cheibriados.
  6998 | D:8      | Reached XP level 9. HP: 57/63 MP: 14/14
  7005 | D:8      | Learned a level 3 spell: Confuse
  7051 | D:8      | Reached skill level 1 in Spellcasting
  7139 | D:8      | Found Baxeapt's Book Shop.
  7185 | D:8      | Reached skill level 1 in Hexes
  7264 | D:8      | Reached skill level 2 in Spellcasting
  7273 | D:8      | Noticed Grum
  7343 | D:8      | Your ally died
  7395 | D:8      | Reached skill level 3 in Spellcasting
  7415 | D:8      | HP: 3/63 [poisoned by a killer bee]
  7423 | D:8      | HP: 3/63 [poisoned by a killer bee]
  8052 | D:8      | Found a bloodstained altar of Trog.
  8652 | D:9      | Reached skill level 4 in Spellcasting
  8702 | D:7      | Bought a pitted buckler for 256 gold pieces
  8707 | D:7      | Identified the cursed +0 buckler of Fegh {MR- Int+6 Dex+3} (You bought it in a shop on level 7 of the Dungeon)
  8828 | D:9      | Noticed a hill giant
  8868 | D:9      | Reached skill level 1 in Shields
  8991 | D:9      | Noticed a troll
  9233 | D:9      | Killed a hill giant
  9233 | D:9      | Reached XP level 10. HP: 44/69 MP: 11/17
  9652 | D:9      | Reached skill level 5 in Spellcasting
  9787 | D:9      | Reached skill level 5 in Hexes
  9936 | D:9      | Learned a level 3 spell: Tukima's Dance
  9940 | D:9      | Learned a level 3 spell: Dazzling Spray
 10196 | D:9      | Reached skill level 6 in Spellcasting
 10359 | D:10     | Entered Level 10 of the Dungeon
 10659 | D:10     | Reached skill level 1 in Axes
 11430 | D:10     | Noticed a hill giant
 11445 | D:10     | Killed a hill giant
 11584 | D:10     | Noticed a hill giant
 11592 | D:10     | Killed a hill giant
 11616 | D:10     | Reached XP level 11. HP: 60/73 MP: 5/21
 12207 | D:10     | Found a staircase to the Orcish Mines.
 12814 | D:11     | Found a large runed door.
 12814 | D:11     | Found a large runed door.
 13093 | D:11     | Found Awnuceh's Weapon Emporium.
 13189 | D:11     | Got a translucent amethyst amulet
 13231 | D:11     | Found a staircase to the Lair.
 13303 | D:11     | Noticed a centaur warrior
 13598 | D:11     | Found a large runed door.
 13598 | D:11     | Found a large runed door.
 13613 | D:11     | Noticed a cyan ugly thing
 13614 | D:11     | Noticed a green ugly thing
 13632 | D:11     | Killed a cyan ugly thing
 13661 | D:11     | Killed a brown ugly thing
 13661 | D:11     | Reached skill level 5 in Axes
 13902 | D:11     | Noticed a five-headed hydra
 13914 | D:11     | Killed a five-headed hydra
 14019 | D:11     | Noticed a fire dragon
 14033 | D:11     | Killed a fire dragon
 14056 | D:11     | Got an iridescent demon trident
 14064 | D:11     | Identified the +2 demon trident "Dragonslayer" {pierce, Fragile Int+4 Dex+3} (You found it on level 11 of the Dungeon)
 14068 | D:11     | Learned a level 2 spell: Sticks to Snakes
 14125 | D:11     | Killed a centaur warrior
 14125 | D:11     | Reached skill level 1 in Polearms
 15015 | D:11     | Noticed a six-headed hydra
 15031 | D:11     | Killed a six-headed hydra
 15031 | D:11     | Reached skill level 1 in Transmutations
 15074 | Orc:1    | Entered Level 1 of the Orcish Mines
 15693 | D:10     | Learned a level 3 spell: Spider Form
 15699 | D:10     | Learned a level 5 spell: Blade Hands
 16458 | D:10     | Bought a +4 rod of clouds (12/12) for 1449 gold pieces
 16489 | Lair:1   | Entered Level 1 of the Lair of Beasts
 16941 | Lair:1   | Identified the amulet "Xuhuw" {Regen+ Str+4 Dex+7} (You took it off a centaur on level 11 of the Dungeon)
 17091 | Lair:1   | Reached XP level 12. HP: 67/80 MP: 3/22
 17511 | Lair:1   | Noticed a five-headed hydra
 17540 | Lair:1   | Killed a five-headed hydra
 17844 | D:10     | Bought a lamp of fire for 560 gold pieces
 18096 | Lair:1   | Found a white marble altar of Elyvilon.
 18310 | Lair:2   | Found a staircase to the Snake Pit.
 18784 | Lair:2   | Noticed a queen ant
 18812 | Lair:2   | Killed a queen ant
 18812 | Lair:2   | Reached skill level 5 in Transmutations
 19114 | Lair:2   | Found a staircase to the Shoals.
 20001 | Orc:2    | Entered Level 2 of the Orcish Mines
 20008 | Orc:2    | Found a roughly hewn altar of Beogh.
 20119 | Orc:2    | Found a roughly hewn altar of Beogh.
 21002 | Orc:2    | Noticed a stone giant
 21023 | Orc:2    | Killed a stone giant
 21223 | Orc:2    | Found a roughly hewn altar of Beogh.
 21223 | Orc:2    | Found a staircase to the Elven Halls.
 21398 | Orc:2    | Found a roughly hewn altar of Beogh.
 21656 | Orc:2    | Noticed a stone giant
 21690 | Orc:2    | Killed a stone giant
 21872 | Orc:2    | Found a roughly hewn altar of Beogh.
 21903 | Orc:2    | Bought a beef jerky for 15 gold pieces
 21903 | Orc:2    | Bought a beef jerky for 15 gold pieces
 21903 | Orc:2    | Bought a slice of pizza for 15 gold pieces
 21903 | Orc:2    | Bought a slice of pizza for 15 gold pieces
 21903 | Orc:2    | Bought a royal jelly for 20 gold pieces
 21903 | Orc:2    | Bought a meat ration for 50 gold pieces
 21903 | Orc:2    | Bought a bread ration for 50 gold pieces
 21903 | Orc:2    | Bought a bread ration for 50 gold pieces
 21903 | Orc:2    | Bought a meat ration for 50 gold pieces
 21903 | Orc:2    | Bought a bread ration for 50 gold pieces
 21903 | Orc:2    | Bought a bread ration for 50 gold pieces
 21924 | Orc:2    | Noticed an orc warlord
 22073 | Orc:2    | Found a roughly hewn altar of Beogh.
 22142 | Orc:2    | Killed an orc warlord
 22142 | Orc:2    | Reached XP level 13. HP: 84/84 MP: 7/23
 22249 | Orc:2    | Found a roughly hewn altar of Beogh.
 22542 | Orc:2    | Reached skill level 10 in Transmutations
 23035 | Orc:2    | Noticed an orc warlord
 23356 | Orc:2    | Noticed Azrael
 23505 | Orc:2    | Found a roughly hewn altar of Beogh.
 23505 | Orc:2    | Found Uloob's Antique Weapon Boutique.
 23506 | Orc:2    | Found Tulup's Antique Armour Shop.
 23533 | Orc:2    | Bought a crude morningstar for 261 gold pieces
 23533 | Orc:2    | Bought a smoking flail for 246 gold pieces
 23537 | Orc:2    | Killed an orc warlord
 23870 | D:10     | Identified the +4 morningstar "Falashres" {holy, -Tele rN+ Int+4} (You bought it in a shop on level 2 of the Orcish Mines)
 23872 | D:10     | Identified the cursed +1 flail "Xiqiusin" {crush, Dex+3} (You bought it in a shop on level 2 of the Orcish Mines)
 23939 | D:12     | Reached skill level 5 in Shields
 24606 | D:10     | Bought a wand of enslavement (10/24) for 168 gold pieces
 24606 | D:10     | Bought a wand of lightning (7/15) for 154 gold pieces
 24738 | D:12     | Reached skill level 7 in Spellcasting
 27183 | D:13     | Found a gate to the Vaults.
 27605 | D:13     | Reached skill level 8 in Spellcasting
 28192 | D:14     | Reached skill level 10 in Evocations
 28692 | D:14     | Reached XP level 14. HP: 41/93 MP: 19/27
 29855 | D:14     | Learned a level 3 spell: Inner Flame
 29860 | D:14     | Learned a level 4 spell: Cause Fear
 30156 | D:15     | Entered Level 15 of the Dungeon
 30392 | D:15     | Reached skill level 9 in Spellcasting
 30450 | D:15     | Found a staircase to the Depths.
 30522 | D:15     | Gained mutation: You are agile. (Dex +2) [potion of beneficial mutation]
 31397 | D:15     | Bought the ring of Vaxkaujyx {rC+ Int+4 SInv Stlth+} for 805 gold pieces
 31601 | D:15     | Reached skill level 10 in Spellcasting
 32192 | D:15     | Found a glowing golden altar of the Shining One.
 32775 | Lair:3   | Noticed Gastronok
 32804 | Lair:3   | Killed Gastronok
 33005 | Lair:3   | Reached skill level 1 in Unarmed Combat
 33730 | Lair:4   | Reached skill level 10 in Dodging
 34224 | D:15     | Bought the ring "Yxta" {rPois rF+ rN+ Int+4 Dex+4} for 972 gold pieces
 34507 | Lair:4   | Got a bloodstained war axe
 34508 | Lair:4   | Identified the +6 war axe of Change {chop, rC++ MR+ Int-4} (You found it on level 4 of the Lair of Beasts)
 36086 | Lair:5   | Found a viscous altar of Jiyva.
 36086 | Lair:5   | Found a staircase to the Slime Pits.
 36509 | Lair:6   | Entered Level 6 of the Lair of Beasts
 36736 | Lair:6   | Reached XP level 15. HP: 96/99 MP: 30/30
 36776 | Lair:6   | Reached skill level 1 in Conjurations
 37714 | Lair:6   | Reached skill level 11 in Spellcasting
 37831 | Lair:6   | Found a runed door.
 37998 | Lair:6   | Learned a level 5 spell: Venom Bolt
 38272 | Lair:6   | Paralysed by a hornet for 3 turns
 38457 | Lair:6   | Learned a level 5 spell: Bolt of Magma
 38657 | Snake:1  | Entered Level 1 of the Snake Pit
 38667 | Snake:1  | Noticed Kirke
 38669 | Snake:1  | Noticed a sphinx
 38911 | Lair:2   | Noticed a sphinx
 39079 | Lair:2   | Killed Kirke
 39079 | Lair:2   | Reached skill level 5 in Conjurations
 39245 | Snake:1  | Noticed Josephine
 39256 | Snake:1  | Killed Josephine
 39385 | Snake:1  | Reached skill level 12 in Spellcasting
 39812 | Snake:1  | Noticed Donald
 39942 | Snake:1  | Killed Donald
 39946 | Snake:1  | Got a warped shield {Donald}
 40090 | Lair:2   | Identified the +1 shield "Vosyib" {Donald, rPois rN+ MP+9} (You took it off Donald on level 1 of the Snake Pit)
 41284 | Snake:1  | Learned a level 4 spell: Summon Lightning Spire
 42194 | Snake:1  | Reached skill level 13 in Spellcasting
 42685 | Snake:2  | Noticed a nagaraja
 43862 | Snake:2  | Reached XP level 16. HP: 103/104 MP: 7/34
 44180 | Snake:2  | Got a pitted chain mail
 44181 | Snake:2  | Identified the cursed +1 chain mail of the Greedy {rN++ Dex+2 Slay-3 SInv Stlth-} (You found it on level 2 of the Snake Pit)
 44668 | Snake:2  | Bought a meat ration for 55 gold pieces
 44668 | Snake:2  | Bought 2 fruits for 33 gold pieces
 44668 | Snake:2  | Bought a slice of pizza for 16 gold pieces
 44668 | Snake:2  | Bought a meat ration for 55 gold pieces
 44668 | Snake:2  | Bought 3 fruits for 49 gold pieces
 44668 | Snake:2  | Bought a bread ration for 55 gold pieces
 44668 | Snake:2  | Bought a meat ration for 55 gold pieces
 44668 | Snake:2  | Bought a slice of pizza for 16 gold pieces
 44668 | Snake:2  | Bought a bread ration for 55 gold pieces
 44668 | Snake:2  | Bought a bread ration for 55 gold pieces
 45962 | Snake:3  | Reached skill level 14 in Spellcasting
 45994 | Snake:3  | HP: 1/104 [shock serpent/electric aura (10)]
 45995 | Snake:3  | Killed from afar by a shock serpent

Skill      XL: |  1  2  3  4  5  6  7  8  9 10 11 12 13 14 15 16 |
---------------+-------------------------------------------------+-----
Fighting       | 2 3 4 5 6 7 |  7.9
Dodging        | 3 4 5 6 8 9 10 11 | 11.0
Armour         | 1 2 3 4 |  4.4
Evocations     | 4 5 6 7 9 10 12 | 12.1
Spellcasting   | 4 6 8 10 13 14 | 14.0
Hexes          | 3 7 9 |  9.4
Shields        | 4 7 |  7.2
Axes           | 3 5 |  5.4
Polearms       | 3 |  3.3
Transmutations | 3 9 10 | 10.6
Unarmed Combat | 3 |  3.8
Conjurations   | 8 9 |  9.9
Short Blades   | |  1.2
Stealth        | |  1.1

Action                   |  1- 3 |  4- 6 |  7- 9 | 10-12 | 13-15 | 16-18 || total
-------------------------+-------+-------+-------+-------+-------+-------++-------
Melee: Short sword       |   101 |   129 |   427 |       |       |       ||   657
       Hand axe          |       |       |    76 |   550 |       |       ||   626
       Staff             |       |       |       |     1 |       |       ||     1
       Demon trident     |       |       |       |   409 |    65 |       ||   474
       Unarmed           |       |       |       |    98 |    67 |       ||   165
       Morningstar       |       |       |       |       |   565 |     6 ||   571
       War axe           |       |       |       |       |   307 |     1 ||   308
       Punch             |       |       |       |       |     1 |       ||     1
 Fire: Blowgun           |       |       |       |     8 |    17 |       ||    25
Throw: Stone             |       |       |    10 |       |       |       ||    10
       Tomahawk          |       |       |     7 |    10 |    47 |       ||    64
 Cast: Confuse           |       |       |    41 |   243 |   263 |    33 ||   580
       Tukima's Dance    |       |       |       |   109 |   127 |       ||   236
       Dazzling Spray    |       |       |       |    33 |   105 |       ||   138
       Sticks to Snakes  |       |       |       |    91 |    77 |       ||   168
       Spider Form       |       |       |       |     8 |       |       ||     8
       Apportation       |       |       |       |     1 |       |       ||     1
       Blade Hands       |       |       |       |       |     6 |       ||     6
       Inner Flame       |       |       |       |       |     3 |       ||     3
       Cause Fear        |       |       |       |       |     2 |       ||     2
       Bolt of Magma     |       |       |       |       |    96 |    39 ||   135
       Venom Bolt        |       |       |       |       |    56 |     8 ||    64
       Summon Lightning  |       |       |       |       |    27 |    17 ||    44
Invok: Call Merchant     |       |       |     1 |     2 |     1 |     1 ||     5
Evoke: Wand              |     2 |    33 |    50 |     5 |    41 |     1 ||   132
       Sack of spiders   |       |       |       |    10 |     2 |       ||    12
       Lamp of fire      |       |       |       |       |     3 |     2 ||     5
       Disc of storms    |       |       |       |       |    14 |     4 ||    18
       Rod               |       |       |       |       |     2 |       ||     2
  Use: Scroll            |     2 |     4 |    10 |     6 |    24 |     2 ||    48
       Potion            |       |       |     4 |     2 |    10 |       ||    16
 Stab: Sleeping          |     1 |       |       |     4 |    12 |       ||    17
       Distracted        |       |     2 |     1 |     9 |    17 |       ||    29
       Confused          |       |       |    17 |   127 |    77 |     5 ||   226
       Invisible         |       |       |       |     5 |     5 |       ||    10
  Eat: Chunk             |     1 |       |       |       |       |       ||     1
       Pizza             |     1 |     2 |     1 |     3 |     2 |     2 ||    11
       Bread ration      |     1 |     1 |     2 |     1 |     9 |       ||    14
       Beef jerky        |       |       |     1 |     4 |     1 |       ||     6
       Meat ration       |       |       |     1 |     2 |     3 |       ||     6
       Fruit             |       |       |       |    28 |    10 |     5 ||    43
       Royal jelly       |       |       |       |     2 |     1 |       ||     3
Armor: Leather armour    |    12 |       |       |       |       |       ||    12
       Ring mail         |       |    21 |       |       |       |       ||    21
       Scale mail        |       |    26 |    87 |       |       |       ||   113
       Robe              |       |       |    58 |   115 |   155 |     4 ||   332
       Skin              |       |       |    35 |     1 |       |       ||    36
Dodge: Dodged            |    71 |    72 |   347 |   660 |  1161 |    24 ||  2335
Block: Buckler           |       |       |    28 |   236 |   450 |    12 ||   726
